 Dungeon Crawl Stone Soup version 0.26-a0-971-g1d9d62bb61 (webtiles) character file.

Game seed: 18032829750333143205

140 snetch the Chopper (level 5, -3/47 HPs)
             Began as a Hill Orc Monk on Dec 4, 2020.
             Slain by a worker ant (5 damage)
             ... on level 4 of the Dungeon.
             The game lasted 00:04:05 (1736 turns).

snetch the Chopper (Hill Orc Monk)                  Turns: 1736, Time: 00:04:06

Health: -3/47      AC:  6    Str: 15    XL:     5   Next: 23%
Magic:  5/5        EV: 10    Int: 10    God:
Gold:   83         SH:  3    Dex: 13    Spells: 4/4 levels left

rFire    . . .     SeeInvis .   a - +0 hand axe
rCold    . . .     Faith    .   p - +0 buckler
rNeg     . . .     Spirit   .   f - +0 scale mail
rPois    .         Reflect  .   (no helmet)
rElec    .         Harm     .   (no cloak)
rCorr    .         Rampage  .   (no gloves)
MR       .....                  (no boots)
Stlth    ..........             i - amulet of regeneration
HPRegen  0.55/turn              (no ring)
MPRegen  0.09/turn              (no ring)

@: lethally poisoned (-3 -> -3), flying
A: no striking features
a: no special abilities


You were on level 4 of the Dungeon.
You visited 1 branch of the dungeon, and saw 4 of its levels.

You collected 83 gold pieces.

Inventory:

Hand Weapons
 a - a +0 hand axe (weapon)
 r - a +0 flail
Missiles
 g - 8 stones (quivered)
 h - 14 sling bullets
Armour
 f - a +0 scale mail (worn)
 p - a +0 buckler (worn)
Jewellery
 i - an amulet of regeneration (around neck)
 o - an uncursed amulet of the acrobat
Scrolls
 b - 2 scrolls of teleportation {unknown}
 c - 4 scrolls of amnesia {unknown}
 j - a scroll of blinking {unknown}
 m - a scroll of identify {unknown}
 n - a scroll of fear {unknown}
 q - a scroll of remove curse {unknown}
Potions
 e - a potion of brilliance {unknown}
 k - a potion of attraction {unknown}
 l - a potion of magic {unknown}


   Skills:
 + Level 4.4 Fighting
 + Level 5.7 Axes
 + Level 1.4 Armour
 + Level 3.0 Dodging
 + Level 1.8 Stealth
 + Level 0.6 Shields


You had 4 spell levels left.
You didn't know any spells.
Your spell library was empty.

Dungeon Overview and Level Annotations

Branches:
Dungeon (4/15)
 Temple: D:4-7

Altars:
Hepliaklqana

Annotations:
D:3 Sigmund


Message History

You feel sick.
The worker ant bites you but does no damage.
The worker ant closely misses you.
You hit the worker ant but do no damage.
The worker ant is heavily wounded.
You feel sick.
The worker ant bites you but does no damage.
You barely miss the worker ant.
The worker ant is moderately wounded.
You feel sick. The worker ant barely misses you.
It was a potion of flight.
You feel very buoyant.
You fly up into the air.
The worker ant bites you.
* * * LOW HITPOINT WARNING * * *
You closely miss the worker ant.
The worker ant is moderately wounded.
You feel sick. The worker ant bites you.
* * * LOW HITPOINT WARNING * * *
The worker ant bites you.
You die...

##.###.##
.###..##.##
..)##.....## #
#.....##..###.#
##....###.....#
##...###.....#
###........#.....
##.........##.....
......B@.### ....
.....##..# ###
.... ##.# .## #..
##.. ... ..#.
.....


You could see a worker ant.

Vanquished Creatures
  2 orc wizards (D:3)
  3 adders
  An ooze (D:2)
  A worm (D:2)
  3 dart slugs
  A leopard gecko (D:1)
  2 orcs (D:3)
  2 giant cockroaches (D:2)
  5 goblins
  7 hobgoblins
  2 jackals (D:1)
  A quokka (D:2)
  5 bats
  3 frilled lizards
  4 kobolds
  A rat (D:2)
43 creatures vanquished.

Notes
Turn   | Place    | Note
-------+----------+-------------------------------------------
     0 | D:1      | snetch the Hill Orc Monk began the quest for the Orb.
     0 | D:1      | Reached XP level 1. HP: 19/19 MP: 1/1
    66 | D:1      | Reached XP level 2. HP: 19/27 MP: 2/2
   661 | D:1      | Reached XP level 3. HP: 33/33 MP: 3/3
  1318 | D:2      | You fall into a shaft and drop 1 floor!
  1368 | D:3      | Found a hazy altar of Hepliaklqana.
  1481 | D:3      | Noticed Sigmund
  1548 | D:2      | You fall into a shaft and drop 1 floor!
  1555 | D:3      | Reached skill level 5 in Axes
  1555 | D:3      | Reached XP level 4. HP: 16/40 MP: 4/4
  1562 | D:3      | HP: 1/40 [orc wizard/magic dart (4)]
  1565 | D:3      | Reached skill level 1 in Armour
  1569 | D:3      | Reached XP level 5. HP: 3/47 MP: 5/5
  1736 | D:4      | HP: 2/47 [worker ant (6)]
  1736 | D:4      | Slain by a worker ant

Illustrated notes

Levels and vault maps discovered:
D:1:      sevenhm_arrival_forest_fort_small_4, layout_basic
D:2:      layout_basic
D:3:      layout_basic, general_overflow_altar, uniq_robin, uniq_sigmund
D:4:      layout_layer_cave, elyvilon_altar_4, minmay_temple_entry_butterflies,
          minmay_quadrilaterals

Skill      XL: |  1  2  3  4 |
---------------+-------------+-----
Fighting       | 4 |  4.4
Axes           | 5 |  5.7
Armour         | 1 |  1.4
Dodging        | 3 |  3.0
Stealth        | |  1.8
Shields        | |  0.6

Action                   |  1- 3 |  4- 6 || total
-------------------------+-------+-------++-------
Melee: Hand axe          |   123 |    49 ||   172
  Use: Potion            |       |     1 ||     1
 Stab: Sleeping          |     1 |       ||     1
Armor: Robe              |     9 |       ||     9
       Scale mail        |    43 |    28 ||    71
Dodge: Dodged            |    60 |    29 ||    89
Block: Buckler           |     9 |     7 ||    16

Table legend: (Time is in decaauts)
 A = Elapsed time spent in this place.
 B = Non-inter-level travel time spent in this place.
 C = Inter-level travel time spent in this place.
 D = Time resting spent in this place.
 E = Time spent auto-exploring this place.
 F = Levels seen in this place.
 G = Mean time per level.
                   A        B        C        D        E       F      G
               +--------+--------+--------+--------+--------+-----+--------+
         Total |   1777 |   1752 |     25 |     69 |   1107 |   4 |  444.2 |
       Dungeon |   1777 |   1752 |     25 |     69 |   1107 |   4 |  444.2 |
               +--------+--------+--------+--------+--------+-----+--------+

Top non-repeatable levels by time:
     D:1: 986 daAuts
     D:2: 504 daAuts
     D:3: 231 daAuts
     D:4: 55 daAuts
